 Dungeon Sprint DCSS version 0.17-a0-1262-gd250d98 (webtiles) character file.

2086 Kidiri the Fighter (level 9, -3/107 HPs)
             Began as a Troll Fighter on June 6, 2015.
             Was a Priest of Okawaru.
             Slain by a deep elf knight
             ... wielding the +6 scythe "Utaetra" {slice, rElec Int+2 Dex+4 Stlth+}
              (7 damage)
             ... in the Dungeon (Sprint V: "Ziggurat Sprint").
             The game lasted 00:05:44 (666 turns).

Kidiri the Fighter (Troll Fighter)                   Turns: 666, Time: 00:05:44

Health: -3/107     AC: 23    Str: 41    XL:     9   Next: 6%
Magic:  8/8        EV:  7    Int:  4    God:    Okawaru [***...]
Gold:   0          SH:  0    Dex:  9    Spells: 0 memorised, 8 levels left

rFire  + . .     SeeInvis .     y - +0 Sword of Power
rCold  + . .     Clarity  .     J - +5 gold dragon armour
rNeg   . . .     SustAt   .     (no shield)
rPois  +         Gourm    +     (helmet restricted)
rElec  .         Spirit   .     b - +2 cloak {MR+}
rCorr  .         Warding  .     (gloves unavailable)
rMut   .         NoTele   +     (boots unavailable)
MR     +....                    (no amulet)
Stlth  ..........               E - +6 ring of strength
                                D - +6 ring of strength

@: somewhat resistant to hostile enchantments, extremely unstealthy
A: unfitting armour, claws 3, fast metabolism 3, gourmand, regeneration 2,
shaggy fur 1, tough skin 2
a: Heroism, Renounce Religion


You were in the Dungeon.
You worshipped Okawaru.
Okawaru was most pleased with you.
You were not hungry.

You visited 1 branch

Inventory:

Hand weapons
 y - the +0 Sword of Power (weapon)
   (You found it in the Dungeon)
Armour
 b - a +2 cloak of magic resistance (worn)
 J - a +5 gold dragon armour (worn)
Rods
 a - a +2 rod of inaccuracy (9/9)
   (You found it in the Dungeon)
Jewellery
 D - a +6 ring of strength (left claw)
 E - a +6 ring of strength (right claw)
Magical devices
 F - a wand of disintegration (7)
 G - a wand of fire (5)
 H - a wand of cold (5)
 I - a wand of draining (5)
Scrolls
 k - 4 scrolls of blinking
 q - 4 scrolls of amnesia
 r - 3 scrolls of recharging
 s - 7 scrolls of fog
 t - a scroll of holy word
 u - 5 scrolls of identify
 v - 5 scrolls of remove curse
 w - 2 scrolls of fear
Potions
 d - 6 potions of might
 f - 9 potions of curing
 h - 5 potions of haste
 i - 7 potions of magic
 j - 2 potions of berserk rage
 l - 2 potions of brilliance
 m - 2 potions of invisibility
 n - 4 potions of resistance
 p - 5 potions of agility
Comestibles
 e - 6 bread rations
 x - 42 fruits
 z - 4 meat rations


   Skills:
 * Level 12.3 Fighting
 + Level 8.9 Long Blades
 + Level 9.1 Dodging
   Level 2.4 Shields


You had 8 spell levels left.
You didn't know any spells.

Dungeon Overview and Level Annotations

Branches:
Dungeon (1/1)

Altars:
Ashenzari
Cheibriados
Dithmenos
Elyvilon
Fedhas
Gozag
Kikubaaqudgha
Makhleb
Nemelex Xobeh
Okawaru
Qazlal
Ru
Sif Muna
Trog
Vehumet
Xom
Yredelemnul
Zin
The Shining One
Beogh
Jiyva
Lugonu


Innate Abilities, Weirdness & Mutations

You are too large for most types of armour.
You have claws for hands.
Your metabolism is lightning-fast.
You like to eat raw meat.
You heal very quickly.
You are covered in fur (AC +1).
You have very tough skin (AC +2).


Message History

You slice the deep elf knight!!
The deep elf knight is moderately wounded.
The deep elf knight hits you but does no damage.
You barely miss the deep elf knight.
The deep elf knight is moderately wounded.
The deep elf knight hits you with the +6 scythe "Utaetra" {slice, rElec Int+2 Dex+4 Stlth+}.
* * * LOW HITPOINT WARNING * * *
x2 The deep elf knight's shroud bends your attack away!
You miss the deep elf knight.
The deep elf knight is moderately wounded.
The deep elf knight hits you but does no damage.
You completely miss the deep elf knight.
The deep elf knight is moderately wounded.
The deep elf knight hits you with the +6 scythe "Utaetra" {slice, rElec Int+2 Dex+4 Stlth+}!
* * * LOW HITPOINT WARNING * * *
x2 You hit the deep elf knight.
The deep elf knight's shroud falls apart!
The deep elf knight is heavily wounded.
The deep elf knight hits you with the +6 scythe "Utaetra" {slice, rElec Int+2 Dex+4 Stlth+}!
You die...

▓..)).▓.....▓..)..▓
▓.....▓.%...▓.....▓
▓..(..▓.....▓.....▓
▓..(..▓.....▓▓▓▓▓▓▓
▓▓▓▓▓▓▓▓▓▓▓▓▓▓▓▓▓▓▓
▓..8©8...▓..8©8...▓
▓..}:}...▓..PP"...▓
▓........▓..=.e...▓
▓........▓..)@....▓
▓........▓...(....▓
▓.▓....▓.▓.▓....▓.▓
▓........▓........▓
▓▓▓▓▓▓▓▓▓▓▓▓▓▓▓▓▓▓▓


You could see a deep elf knight.

Vanquished Creatures
  A hell hog (D)
  A deep elf priest (D)
  4 merfolk (D)
  A deep elf mage (D)
  A fire elemental (D)
  2 crimson imps (D)
  An orc wizard (D)
  A white imp (D)
  An adder skeleton (D)
  An orc (D)
14 creatures vanquished.

Vanquished Creatures (others)
  A fire vortex (D)
1 creature vanquished.

Grand Total: 15 creatures vanquished

Notes
Turn   | Place    | Note
--------------------------------------------------------------
     0 | D        | Kidiri the Troll Fighter began the quest for the Orb.
     0 | D        | Reached XP level 1. HP: 22/22 MP: 0/0
     0 | D        | Found a roughly hewn altar of Beogh.
     0 | D        | Found a viscous altar of Jiyva.
     0 | D        | Found a corrupted altar of Lugonu.
     0 | D        | Found a white marble altar of Elyvilon.
     0 | D        | Found a sparkling altar of Nemelex Xobeh.
     1 | D        | Found a burning altar of Makhleb.
     1 | D        | Found an iron altar of Okawaru.
     1 | D        | Found a deep blue altar of Sif Muna.
     1 | D        | Found a radiant altar of Vehumet.
     1 | D        | Found a bloodstained altar of Trog.
     1 | D        | Found a shimmering altar of Xom.
    72 | D        | Reached skill level 5 in Fighting
    72 | D        | Reached XP level 2. HP: 28/35 MP: 1/1
   102 | D        | Became a worshipper of Warmaster Okawaru
   109 | D        | Entered arena 1.
   109 | D        | Noticed an orc wizard
   121 | D        | Killed an orc wizard
   121 | D        | Reached XP level 3. HP: 36/42 MP: 2/2
   141 | D        | Entered arena 2.
   141 | D        | Noticed a hell hog
   141 | D        | Noticed a fire elemental
   141 | D        | Noticed a fire vortex
   143 | D        | Killed a fire vortex
   150 | D        | HP: 1/42 [fire elemental (6)]
   156 | D        | Killed a hell hog
   156 | D        | Acquired Okawaru's first power
   156 | D        | Reached skill level 9 in Fighting
   156 | D        | Reached XP level 4. HP: 17/61 MP: 3/3
   156 | D        | Reached XP level 5. HP: 18/68 MP: 4/4
   156 | D        | Reached XP level 6. HP: 20/78 MP: 5/5
   156 | D        | Reached XP level 7. HP: 21/84 MP: 6/6
   160 | D        | Killed a fire elemental
   160 | D        | Reached skill level 10 in Fighting
   320 | D        | Entered arena 3.
   320 | D        | Noticed a merfolk
   320 | D        | Noticed a merfolk
   320 | D        | Noticed a merfolk
   320 | D        | Noticed a merfolk
   335 | D        | Killed a merfolk
   340 | D        | Killed a merfolk
   340 | D        | Reached skill level 11 in Fighting
   340 | D        | Reached XP level 8. HP: 58/97 MP: 7/7
   349 | D        | HP: 2/97 [merfolk/trident (13)]
   363 | D        | Killed a merfolk
   381 | D        | Killed a merfolk
   627 | D        | Entered arena 4.
   627 | D        | Noticed a crimson imp
   627 | D        | Noticed a crimson imp
   639 | D        | Killed a crimson imp
   640 | D        | Killed a crimson imp
   647 | D        | Entered arena 5.
   647 | D        | Noticed a deep elf mage
   647 | D        | Noticed a deep elf priest
   647 | D        | Noticed a deep elf knight
   653 | D        | Killed a deep elf mage
   653 | D        | Received a gift from Okawaru
   653 | D        | Reached skill level 12 in Fighting
   655 | D        | Killed a deep elf priest
   655 | D        | Reached XP level 9. HP: 59/107 MP: 8/8
   665 | D        | HP: 5/107 [deep elf knight/the +6 scythe "Utaetra" {slice, rElec Int+2 Dex+4 Stlth+} (7)]
   666 | D        | Identified the +6 scythe "Utaetra" {slice, rElec Int+2 Dex+4 Stlth+}
   666 | D        | Slain by a deep elf knight

Vault maps used:
D:        sprint_v

Action                   |  1- 3 |  4- 6 |  7- 9 || total
-------------------------+-------+-------+-------++-------
Melee: Great sword       |    18 |       |    79 ||    97
  Use: Potion            |     4 |       |    10 ||    14
  Eat: Chunk             |       |       |     7 ||     7
